 Dungeon Crawl Stone Soup version 0.25-a0-287-g56a5b49 (webtiles) character file.

Game seed: 11668984121221070783, levelgen mode: deterministic

133 silenth the Firebug (level 4, -1/24 HPs)
             Began as a Deep Elf Fire Elementalist on Dec 12, 2019.
             Slain by an orc wizard
             ... wielding a +2 dagger of venom
              (2 damage)
             ... on level 3 of the Dungeon.
             The game lasted 00:03:53 (2031 turns).

silenth the Firebug (Deep Elf Fire Elementalist)    Turns: 2031, Time: 00:03:53

Health: -1/24      AC:  2    Str:  5    XL:     4   Next: 94%
Magic:  2/12       EV: 13    Int: 21    God:
Gold:   112        SH:  0    Dex: 15    Spells: 10/11 levels left

rFire    . . .     SeeInvis .   c - +0 short sword
rCold    . . .     Gourm    .   (no shield)
rNeg     . . .     Faith    .   a - +0 robe
rPois    .         Spirit   .   (no helmet)
rElec    .         Reflect  .   (no cloak)
rCorr    .         Harm     .   (no gloves)
MR       .....     Rnd*Tele +   (no boots)
Stlth    ++........             (no amulet)
HPRegen  0.08/turn              d - ring of teleportation (curse)
MPRegen  0.13/turn              (no ring)

@: lethally poisoned (-1 -> -7)
A: no striking features
a: no special abilities


You were on level 3 of the Dungeon.
You were not hungry.

You visited 1 branch of the dungeon, and saw 3 of its levels.

You collected 112 gold pieces.

Inventory:

Hand Weapons
 c - a +0 short sword (weapon)
Armour
 a - a +0 robe (worn)
Jewellery
 d - a cursed ring of teleportation (left hand)
Wands
 o - a wand of digging (4)
Scrolls
 b - 5 scrolls of identify {unknown}
 g - 3 scrolls of teleportation {unknown}
 l - a scroll of amnesia {unknown}
Potions
 f - a potion of haste {unknown}
 h - a potion of ambrosia {unknown}
 i - a potion of degeneration {unknown}
 j - a potion of heal wounds {unknown}
Comestibles
 e - 4 rations


   Skills:
 - Level 2.4 Dodging
 - Level 2.4 Stealth
 + Level 4.0 Spellcasting
 * Level 3.3 Conjurations
 * Level 4.7 Fire Magic


You had 10 spell levels left.
You knew the following spells:

 Your Spells              Type           Power        Failure   Level  Hunger
a - Foxfire               Conj/Fire      ###.         2%          1    None

Your spell library contained the following spells:

 Spells                   Type           Power        Failure   Level  Hunger
 Conjure Flame            Conj/Fire      ###.....     7%          3    ###....
 Inner Flame              Hex/Fire       ##......     14%         3    ###....
 Sticky Flame             Conj/Fire      ###.....     22%         4    ####...
 Fireball                 Conj/Fire      ###.......   54%         5    ######.


Dungeon Overview and Level Annotations

Branches:
Dungeon (3/15)

Altars:


Message History

* * * LOW HITPOINT WARNING * * *
It was a potion of agility.
You feel agile all of a sudden.
* * * LOW HITPOINT WARNING * * *
You feel sick. The orc wizard misses you. The orc wizard casts a spell at you.
You are confused.
The worm closely misses you.
It was a potion of cancellation.
Your magical effects are unravelling.
You feel magically purged.
You feel less confused.
You feel a little less agile now.
* * * LOW HITPOINT WARNING * * *
You feel sick. The orc wizard casts a spell at you. The magic dart hits you.
* * * LOW HITPOINT WARNING * * *
The orc wizard completely misses you.
The orc wizard hits you with a +2 dagger of venom.
You die...

............#.#
#..#
#############.#
#h.# #.# #.o# ..#
##############w.#
#.# ##
#....o.go...o...#
#.# #.#
##†#############.#
#.# #.# ##...## #.#
#.# #.#
#(..).###########.#
#.# #.#
#.@..)............#
#.# #.#
#oow..#############
#.# #.# ##)..##
##.######.####
##.##
.............## #.#
#########.###§###.#
#.# #.§...# #.#
#.##..# ##...###.##


You could see a worm and 2 orc wizards.

Vanquished Creatures
  A hound skeleton (D:3)
  5 adders
  2 oozes (D:3)
  A worm (D:2)
  3 orcs
  2 ball pythons (D:2)
  4 bats
  3 giant cockroaches
  8 goblins
  9 hobgoblins
  5 jackals
  A quokka (D:3)
  A frilled lizard (D:1)
  7 kobolds
  9 rats
61 creatures vanquished.

Vanquished Creatures (others)
  138 foxfires
  5 toadstools (D:1)
143 creatures vanquished.

Grand Total: 204 creatures vanquished

Notes
Turn   | Place    | Note
-------+----------+-------------------------------------------
     0 | D:1      | silenth the Deep Elf Fire Elementalist began the quest for
                  | the Orb.
     0 | D:1      | Reached XP level 1. HP: 10/10 MP: 6/6
   118 | D:1      | Reached XP level 2. HP: 6/15 MP: 8/8
   368 | D:1      | Reached skill level 2 in Conjurations
   796 | D:2      | Reached XP level 3. HP: 19/19 MP: 5/9
   865 | D:2      | Reached skill level 4 in Fire Magic
  1289 | D:2      | Reached XP level 4. HP: 24/24 MP: 5/11
  1646 | D:3      | Reached skill level 3 in Conjurations
  1975 | D:3      | Reached skill level 4 in Spellcasting
  2031 | D:3      | HP: 1/24 [orc wizard/magic dart (4)]
  2031 | D:3      | Slain by an orc wizard

Levels and vault maps discovered:
D:1:      ldierk_walled_garden, layout_basic
D:2:      layout_rooms, serial_curves, eino_curves_04, eino_curves_02
D:3:      layout_loops_ring

Skill      XL: |  1  2  3  4 |
---------------+-------------+-----
Conjurations   | 2 3 |  3.3
Fire Magic     | 4 |  4.7
Spellcasting   | 4 |  4.0
Dodging        | |  2.4
Stealth        | |  2.4

Action                   |  1- 3 |  4- 6 || total
-------------------------+-------+-------++-------
Melee: Short sword       |    24 |    31 ||    55
 Cast: Foxfire           |    56 |    28 ||    84
  Use: Potion            |       |     3 ||     3
 Stab: Distracted        |       |     1 ||     1
  Eat: Chunk             |     1 |     2 ||     3
Armor: Robe              |     9 |     7 ||    16
Dodge: Dodged            |    28 |    37 ||    65

Table legend:
 A = Non-vault XP
 B = Vault XP
 C = Vault XP percentage of total XP
 D = Non-vault monster count
 E = Vault monster count
 F = Vault count percentage of total count
                 A         B        C        D         E       F
            +---------+---------+-------+---------+---------+-------
      Total |     191 |       0 |   0.0 |      61 |       0 |   0.0
            +---------+---------+-------+---------+---------+-------
        D:1 |      30 |       0 |   0.0 |      21 |       0 |   0.0
        D:2 |      80 |       0 |   0.0 |      24 |       0 |   0.0
        D:3 |      81 |       0 |   0.0 |      16 |       0 |   0.0
            +---------+---------+-------+---------+---------+-------
